 Dungeon Crawl Stone Soup version 0.32-a0-131-g9dbbe29261 (webtiles) character file.

Game seed: 7459306095846026573

474 Dittersdorf the Trooper (level 7, -2/44 HPs)
             Began as a Gargoyle Fighter on Feb 8, 2024.
             Was an Initiate of Gozag.
             Engulfed by a steam dragon's steam (6 damage)
             ... on level 8 of the Dungeon.
             The game lasted 00:04:11 (3360 turns).

Dittersdorf the Trooper (Gargoyle Fighter)          Turns: 3360, Time: 00:04:12

Health: -2/44      AC: 16    Str: 22    XL:     7   Next: 10%
Magic:  7/7        EV:  9    Int:  8    God:    Gozag
Gold:   329        SH:  4    Dex:  9    Spells: 6/6 levels left

rFire   . . .        a - +0 flail
rCold   + . .        c - +0 buckler
rNeg    + . .        n - +2 scale mail {rC+}
rPois   ∞            f - +0 helmet
rElec   +            (no cloak)
rCorr   .            p - +0 pair of gloves
SInv    .            (no boots)
Will    .....        (no amulet) Stlth
                     (no ring)
HPRegen 0.27/turn    (no ring)
MPRegen 0.10/turn

%: no passive effects
@: no status effects
A: sickness immunity, AC +4, negative energy resistance 1, electricity
resistance, torment resistance 1, petrification resistance
a: Renounce Religion, Potion Petition, Call Merchant, Bribe Branch


You were on level 8 of the Dungeon.
You worshipped Gozag.
Gozag was aware of your devotion.
You visited 2 branches of the dungeon, and saw 7 of its levels.

You collected 412 gold pieces.
You paid 83 gold pieces to Gozag.

Inventory:

Hand Weapons
 a - a +0 flail (weapon)
Armour
 c - a +0 buckler (worn)
 f - a +0 helmet (worn)
 n - a +2 scale mail of cold resistance (worn)
 p - a +0 pair of gloves (worn)
Wands
 k - a wand of flame (20) (quivered)
 q - a wand of roots (15)
Scrolls
 b - a scroll of noise {unknown}
 g - 2 scrolls of teleportation {unknown}
 h - a scroll of vulnerability {unknown}
 l - a scroll of amnesia {unknown}
 m - a scroll of poison {unknown}
 t - a scroll of fear {unknown}
Potions
 d - a potion of might
 e - a potion of degeneration {unknown}
 i - 2 potions of haste
 j - a potion of heal wounds
 o - a potion of ambrosia
 r - a potion of enlightenment {unknown}
 s - a potion of berserk rage {unknown}


   Skills:
 + Level 5.1 Fighting
 + Level 4.0 Maces & Flails
 + Level 5.1 Armour
 + Level 5.1 Shields


You had 6 spell levels left.
You didn't know any spells.
Your spell library contained the following spells:

 Spells                   Type           Power      Damage    Failure   Level
 Tukima's Dance           Hex            0%         N/A       98%         3
 Passage of Golubria      Tloc           0%         N/A       100%        4
 Yara's Violent Unravell  Hex/Alch       0%         3d3       100%        5


Dungeon Overview and Level Annotations

Branches:
Dungeon (5/15)             Temple (1/1) D:4

Altars:
Ashenzari
Cheibriados
Dithmenos
Fedhas
Gozag
Hepliaklqana
Kikubaaqudgha
Okawaru
Qazlal
Ru
Uskayaw
Wu Jian
Xom
Yredelemnul


Innate Abilities, Weirdness & Mutations

You are immune to sickness and miasma.
Your stone body is resilient. (AC +4)
You are immune to poison.
You resist negative energy. (rN+)
You are resistant to electric shocks. (rElec)
You are resistant to unholy torment.
You are immune to petrification.


Message History

The wyvern is severely wounded.
The wyvern barely misses you.
You hit the wyvern.
The wyvern is almost dead.
The wyvern barely misses you. You block the wyvern's attack.
You sock the wyvern!
You kill the wyvern!
Your Fighting skill increases to level 5!
Your Maces & Flails skill increases to level 4!
Your Armour skill increases to level 5!
Your Shields skill increases to level 5!
You have reached level 7!
You now have 329 gold pieces (gained 17).
Found a scroll labelled WOSAHE UVULI.
t - a scroll labelled WOSAHE UVULI A steam dragon comes into view.
The steam dragon hisses angrily.
The steam dragon breathes steam at you. The ball of steam hits you!
You closely miss the steam dragon.
You are engulfed in a cloud of scalding steam.
The steam dragon bites you.
* * * LOW HITPOINT WARNING * * *
The steam dragon claws you but does no damage.
You barely miss the steam dragon. The steam dragon closely misses you.
You block the steam dragon's attack.
You hit the steam dragon.
The steam dragon is lightly wounded.
The steam dragon bites you but does no damage.
You block the steam dragon's attack.
You barely miss the steam dragon.
The steam dragon is lightly wounded.
The steam dragon closely misses you. x2
The steam dragon breathes steam at you. The ball of steam hits you!
* * * LOW HITPOINT WARNING * * *
You hit the steam dragon but do no damage.
You are engulfed in a cloud of scalding steam.
You die...
Your body crumbles into a pile of gold. ######################## ......D@.§§.§........... ########################

You could see a steam dragon (catching breath).

Vanquished Creatures
  A wyvern (D:8)
  A bombardier beetle (D:3)
  2 orc priests (D:4)
  A sleepcap (D:4)
  Terence (D:3)
  An iguana (D:4)
  An orc wizard (D:3)
  5 adders
  2 ribbon worms (D:2)
  4 dart slugs
  2 orcs (D:4)
  13 endoplasms
  5 giant cockroaches
  7 goblins
  12 hobgoblins
  4 jackals (D:3)
  2 quokkas
  5 ball pythons
  3 bats
  4 frilled lizards
  5 kobolds
  A rat (D:1)
82 creatures vanquished.

Notes
Turn   | Place    | Note
-------+----------+-------------------------------------------
     0 | D:1      | Dittersdorf the Gargoyle Fighter began the quest for the
                  | Orb.
     0 | D:1      | Reached XP level 1. HP: 14/14 MP: 1/1
   173 | D:1      | Reached XP level 2. HP: 19/19 MP: 2/2
   577 | D:1      | Reached XP level 3. HP: 22/23 MP: 3/3
  1135 | D:3      | Found a shadowy altar of Dithmenos.
  1144 | D:3      | Reached XP level 4. HP: 29/29 MP: 4/4
  1173 | D:3      | Found a sacrificial altar of Ru.
  1320 | D:3      | Noticed Terence
  1325 | D:3      | Killed Terence
  1326 | D:3      | Reached XP level 5. HP: 26/33 MP: 5/5
  1516 | D:3      | Found a broken altar of Ashenzari.
  1574 | D:3      | Found a stormy altar of Qazlal.
  1976 | D:4      | Reached XP level 6. HP: 26/39 MP: 6/6
  2049 | D:4      | Found a staircase to the Ecumenical Temple.
  2075 | Temple   | Entered the Ecumenical Temple
  2083 | Temple   | Became a worshipper of Gozag Ym Sagoz the Greedy
  2348 | D:4      | Found a hazy altar of Hepliaklqana.
  2821 | D:4      | Found a shimmering altar of Xom.
  3218 | D:5      | Entered Level 5 of the Dungeon
  3255 | D:5      | You fall into a shaft and drop 3 floors!
  3295 | D:8      | Found an iron altar of Okawaru.
  3314 | D:8      | Noticed a wyvern
  3322 | D:8      | Killed a wyvern
  3323 | D:8      | Reached skill level 5 in Fighting
  3323 | D:8      | Reached skill level 5 in Armour
  3323 | D:8      | Reached skill level 5 in Shields
  3323 | D:8      | Reached XP level 7. HP: 22/44 MP: 7/7
  3352 | D:8      | Noticed a steam dragon
  3360 | D:8      | Engulfed by a steam dragon's steam

Illustrated notes

Levels and vault maps discovered:
D:1:      minmay_arrival_hallway, layout_loops_ring,
          chequers_serial_rivers_room_b
D:2:      layout_rooms
D:3:      layout_loops_ring, mainiacjoe_overflow_boulevard,
          nicolae_dithmenos_the_darkroom, lemuel_crystal_altar,
          nicolae_ru_great_annihilating_truth, uniq_terence
D:4:      layout_layer_cave, nicolae_hepliaklqana_hazy_memory,
          marbit_many_paths, minmay_temple_entry_junction
D:5:      layout_basic, enter_ossuary_2, st_stairs_13
D:8:      layout_basic, kennysheep_mini_moat
Temple:   nicolae_temple_little_seven

Skill      XL: |  1  2  3  4  5  6 |
---------------+-------------------+-----
Shields        | 4 5 |  5.1
Fighting       | 4 5 |  5.1
Armour         | 4 5 |  5.1
Maces & Flails | 3 4 |  4.0

Action                     |  1- 3 |  4- 6 |  7- 9 || total
---------------------------+-------+-------+-------++-------
  Melee: Flail             |   110 |   163 |     5 ||   278
    Use: Scroll            |       |     8 |       ||     8
 Armour: Scale mail        |    76 |    94 |     7 ||   177
  Dodge: Dodged            |    49 |    55 |     3 ||   107
  Block: Buckler           |    25 |    30 |     2 ||    57

Table legend: (Time is in decaauts)
 A = Elapsed time spent in this place.
 B = Non-inter-level travel time spent in this place.
 C = Inter-level travel time spent in this place.
 D = Time resting spent in this place.
 E = Time spent auto-exploring this place.
 F = Levels seen in this place.
 G = Mean time per level.
                   A        B        C        D        E       F      G
               +--------+--------+--------+--------+--------+-----+--------+
         Total |   3439 |   3312 |    127 |     77 |   2395 |   7 |  491.3 |
       Dungeon |   3422 |   3295 |    127 |     77 |   2395 |   6 |  570.3 |
        Temple |     16 |     16 |      0 |      0 |      0 |   1 |   16.0 |
               +--------+--------+--------+--------+--------+-----+--------+

Top non-repeatable levels by time:
     D:4: 1275 daAuts
     D:3: 819 daAuts
     D:1: 756 daAuts
     D:2: 424 daAuts
     D:8: 107 daAuts
     D:5: 38 daAuts
  Temple: 16 daAuts
